 Dungeon Crawl Stone Soup version 0.24-a0-347-g1a3e1d35ff (webtiles) character file.

Game seed: 255252142910794361

1137 Gumption the Cudgeler (level 8, -15/48 HPs)
             Began as a Gargoyle Gladiator on May 23, 2019.
             Was an Initiate of Cheibriados.
             Demolished by a two-headed ogre
             ... wielding a +0 giant club
              (17 damage)
             ... on level 5 of the Dungeon.
             The game lasted 00:22:57 (4311 turns).

Gumption the Cudgeler (Gargoyle Gladiator)          Turns: 4311, Time: 00:22:57

Health: -15/48     AC: 17    Str: 22    XL:     8   Next: 36%
Magic:  5/8        EV:  9    Int:  9    God:    Cheibriados [......]
Gold:   342        SH:  0    Dex: 12    Spells: 7/7 levels left

rFire    . . .     SeeInvis .   a - +1 flail (venom)
rCold    . . .     Gourm    .   (no shield)
rNeg     + . .     Faith    .   y - +0 chain mail
rPois    ∞         Spirit   .   c - +0 helmet
rElec    +         Reflect  .   v - +0 cloak
rCorr    .         Harm     .   (no gloves)
MR       .....                  (no boots)
Stlth    ..........             (no amulet)
HPRegen  0.16/turn              (no ring)
MPRegen  0.11/turn              (no ring)

@: very slow
A: negative energy resistance 1, electricity resistance, unbreathing,
petrification resistance, rot immunity, AC +5
a: Bend Time, Renounce Religion


You were on level 5 of the Dungeon.
You worshipped Cheibriados.
Cheibriados was noncommittal.
You were not hungry.

You visited 1 branch of the dungeon, and saw 5 of its levels.

You collected 342 gold pieces.

Inventory:

Hand Weapons
 a - a +1 flail of venom (weapon)
 h - a +0 vampiric war axe
 r - a +0 flail
Missiles
 d - 3 throwing nets
 f - 84 stones
 u - a boomerang (quivered)
 w - 3 boomerangs of dispersal
Armour
 c - a +0 helmet (worn)
 v - a +0 cloak (worn)
 y - a +0 chain mail (worn)
Jewellery
 k - an uncursed ring of see invisible {unknown}
 l - an uncursed amulet of guardian spirit {unknown}
 q - an uncursed amulet of magic regeneration {unknown}
Scrolls
 g - a scroll of enchant armour {unknown}
 i - a scroll of immolation {unknown}
 j - a scroll of fog {unknown}
 p - a scroll of blinking {unknown}
 x - a scroll of remove curse
 B - a scroll of identify
Potions
 b - a potion of might {unknown}
 m - a potion of haste {unknown}
 n - 4 potions of brilliance
 o - 2 potions of curing
 s - a potion of heal wounds {unknown}
 t - a potion of flight {unknown}
 z - a potion of degeneration {unknown}
Comestibles
 e - 6 rations


   Skills:
 + Level 4.8 Fighting
 * Level 6.4 Maces & Flails
 + Level 3.9 Throwing
 + Level 3.8 Armour
 - Level 2.4 Dodging
 + Level 4.3 Stealth


You had 7 spell levels left.
You didn't know any spells.
Your spell library was empty.

Dungeon Overview and Level Annotations

Branches:
Dungeon (5/15)
 Temple: D:4-7

Altars:
Cheibriados
Dithmenos
Elyvilon
Gozag
Trog


Innate Abilities, Weirdness & Mutations

You are resistant to torment.
Your stone body is resilient. (AC +5)
You are immune to poison.
You resist negative energy. (rN+)
You are resistant to electric shocks. (rElec)
You can survive without breathing.
You are immune to petrification.
You are immune to rotting.


Message History

The flow of time bends around you.
The two-headed ogre resists with some effort.
You feel slightly more hungry.
Your chain mail prevents you from hitting the two-headed ogre.
The two-headed ogre misses you.
The two-headed ogre hits you with a +0 giant spiked club!!
You thump the two-headed ogre!
The two-headed ogre is poisoned.
The two-headed ogre is lightly wounded.
The two-headed ogre hits you but does no damage.
The two-headed ogre hits you with a +0 giant spiked club!
* * * LOW HITPOINT WARNING * * *
You feel better.
The two-headed ogre hits you with a +0 giant club.
* * * LOW HITPOINT WARNING * * *
The two-headed ogre hits you with a +0 giant spiked club!
* * * LOW HITPOINT WARNING * * *
As you read the scroll labeled RUG GAYRUWN, it crumbles to dust.
You feel blessed for a moment.
It was a scroll of remove curse.
The two-headed ogre hits you with a +0 giant club!
You die...

#........##..........###
#.......................
.#..#.#....##......##....
......#.....###...###....
..........#...#....##...#
........#.#.#....#..#..##
.........###....##.)##...
#.......##.#######..()...
####..##@O:.........##..#
#....##.#######...#...
#.... # #..##... .......
#..##... ....... ..#.#...
......# ..# ..... .#....
.. .... ##... ..... >....


You could see a two-headed ogre.

Vanquished Creatures
  A hornet (D:5)
  Grinder (D:4)
  Purgy (D:4)
  A phantom (D:5)
  A centaur (D:5)
  A scorpion (D:4)
  A crimson imp (D:5)
  A centaur skeleton (D:4)
  2 hounds
  3 orc wizards
  Jessica (D:2)
  Terence (D:3)
  A worker ant (D:5)
  5 adders
  An ooze (D:1)
  An adder skeleton (D:4)
  4 worms
  4 dart slugs
  A leopard gecko (D:2)
  9 orcs
  3 ball pythons
  6 giant cockroaches
  8 goblins
  6 hobgoblins
  7 jackals
  6 kobolds
  A quokka (D:4)
  8 bats
  2 frilled lizards
  A leopard gecko skeleton (D:4)
  A quokka skeleton (D:4)
  4 rats
94 creatures vanquished.

Notes
Turn   | Place    | Note
-------+----------+-------------------------------------------
     0 | D:1      | Gumption the Gargoyle Gladiator began the quest for the
                  | Orb.
     0 | D:1      | Reached XP level 1. HP: 12/12 MP: 1/1
   179 | D:1      | Reached XP level 2. HP: 18/18 MP: 2/2
   381 | D:1      | Reached skill level 1 in Stealth
   780 | D:1      | Reached XP level 3. HP: 22/22 MP: 3/3
  1026 | D:2      | Noticed Jessica
  1029 | D:2      | Killed Jessica
  1067 | D:2      | Found a white marble altar of Elyvilon.
  1114 | D:2      | Found an opulent altar of Gozag.
  1146 | D:2      | Reached XP level 4. HP: 27/27 MP: 4/4
  1373 | D:2      | Reached skill level 1 in Armour
  1507 | D:2      | Reached skill level 4 in Maces & Flails
  1986 | D:3      | Reached XP level 5. HP: 32/32 MP: 5/5
  2454 | D:3      | Noticed Terence
  2464 | D:3      | Killed Terence
  2523 | D:3      | Found a shadowy altar of Dithmenos.
  2588 | D:3      | Reached XP level 6. HP: 36/37 MP: 6/6
  2853 | D:3      | Found a bloodstained altar of Trog.
  2881 | D:3      | Found a snail-covered altar of Cheibriados.
  2941 | D:3      | Became a worshipper of Cheibriados the Contemplative
  3401 | D:4      | Noticed Purgy
  3417 | D:4      | Killed Purgy
  3417 | D:4      | Reached skill level 5 in Maces & Flails
  3417 | D:4      | Reached XP level 7. HP: 37/42 MP: 4/7
  3790 | D:4      | Noticed Grinder
  3810 | D:4      | Paralysed by Grinder for 6 turns
  3820 | D:4      | Paralysed by Grinder for 3 turns
  3827 | D:4      | Killed Grinder
  4011 | D:5      | Entered Level 5 of the Dungeon
  4031 | D:5      | Noticed a hornet
  4071 | D:5      | Reached skill level 6 in Maces & Flails
  4071 | D:5      | Reached XP level 8. HP: 20/48 MP: 8/8
  4077 | D:5      | Killed a hornet
  4306 | D:5      | Noticed a two-headed ogre
  4310 | D:5      | HP: 2/48 [two-headed ogre/+0 giant club (12)]
  4311 | D:5      | Demolished by a two-headed ogre

Levels and vault maps discovered:
D:1:      dpeg_arrival_boxorama, layout_basic, palyth_stone_intersect,
          kennysheep_small_spiral, serial_bayou_pond_a, kennysheep_nondescript
D:2:      layout_basic, elyvilon_altar_5, grunt_ministairs_1,
          grunt_gozag_statues, uniq_jessica
D:3:      layout_loops_ring, cheibriados_altar_1, overflow_temple_1_default,
          lemuel_doored_altar, first_ration, minmay_cupped, uniq_terence
D:4:      layout_gridville, uniq_grinder, uniq_purgy
D:5:      layout_cave_pools, minmay_manual_monstrance, uniq_prince_ribbit1

Skill      XL: |  1  2  3  4  5  6  7 |
---------------+----------------------+-----
Throwing       | 2 3 |  3.9
Stealth        | 1 2 3 4 |  4.3
Armour         | 1 2 3 |  3.8
Maces & Flails | 4 5 6 |  6.4
Fighting       | 3 4 |  4.8
Dodging        | |  2.4

Action                   |  1- 3 |  4- 6 |  7- 9 || total
-------------------------+-------+-------+-------++-------
Melee: Flail             |    51 |   142 |    66 ||   259
Throw: Stone             |    63 |    52 |       ||   115
       Boomerang         |       |    26 |    33 ||    59
Invok: Bend Time         |       |     1 |     2 ||     3
  Use: Scroll            |       |     3 |     1 ||     4
       Potion            |       |       |     1 ||     1
  Eat: Chunk             |     1 |     7 |     1 ||     9
       Ration            |       |       |     1 ||     1
Armor: Leather armour    |    15 |       |       ||    15
       Ring mail         |     8 |       |       ||     8
       Scale mail        |       |    90 |       ||    90
       Chain mail        |       |    46 |    44 ||    90
Dodge: Dodged            |    42 |    84 |    29 ||   155

Table legend:
 A = Non-vault XP
 B = Vault XP
 C = Vault XP percentage of total XP
 D = Non-vault monster count
 E = Vault monster count
 F = Vault count percentage of total count
                 A         B        C        D         E       F
            +---------+---------+-------+---------+---------+-------
      Total |     822 |     803 |  49.4 |      83 |      11 |  11.7
            +---------+---------+-------+---------+---------+-------
        D:1 |      37 |       0 |   0.0 |      18 |       0 |   0.0
        D:2 |      67 |      41 |  38.0 |      18 |       3 |  14.3
        D:3 |     199 |      38 |  16.0 |      29 |       3 |   9.4
        D:4 |     190 |     410 |  68.3 |      13 |       2 |  13.3
        D:5 |     329 |     314 |  48.8 |       5 |       3 |  37.5
            +---------+---------+-------+---------+---------+-------
